 Dungeon Crawl Stone Soup version 0.18.1-8-gdd0e5ea (webtiles) character file.

67 Metae the Insei (level 3, -3/29 HPs)
             Began as a Vampire Monk on May 27, 2016.
             Slain by barakagiga's ghost (6 damage)
             ... on level 3 of the Dungeon.
             The game lasted 00:17:11 (2525 turns).

Metae the Insei (Vampire Monk)                      Turns: 2525, Time: 00:17:12

Health: -3/29      AC:  6    Str: 11    XL:     3   Next: 98%
Magic:  3/3        EV: 12    Int: 12    God:
Gold:   59         SH:  0    Dex: 16    Spells: 0 memorised, 2 levels left

rFire  . . .     SeeInvis +       - Unarmed
rCold  . . .     Gourm    .     k - +0 ring mail
rNeg   + . .     Faith    .     (no shield)
rPois  .         Spirit   .     (no helmet)
rElec  .         Dismiss  .     (no cloak)
rCorr  .         Reflect  .     e - +0 pair of gloves
SustAt .         Harm     .     (no boots)
MR     .....                    (no amulet)
Stlth  ++........               (no ring)
                                (no ring)

@: not resistant to hostile enchantments, unstealthy
A: fangs 3, see invisible, unbreathing
a: Bat Form


You were on level 3 of the Dungeon.
You were not thirsty.

You visited 1 branch of the dungeon, and saw 3 of its levels.

You collected 59 gold pieces.

Inventory:

Hand Weapons
 i - a +2 dagger of draining
Armour
 a - a +0 robe
 e - a +0 pair of gloves (worn)
 k - a +0 ring mail (worn)
Jewellery
 d - a +5 ring of evasion {unknown}
Scrolls
 f - a scroll of amnesia {unknown}
 g - 2 scrolls of teleportation {unknown}
 j - 2 scrolls of remove curse {unknown}
Potions
 b - 6 potions of blood
 c - 2 potions of haste {unknown}
 h - 2 potions of might {unknown}
Books
 l - a book of Annihilations

   Spells                             Type                      Level
   a - Poison Arrow                   Conjuration/Poison           6
   b - Chain Lightning                Conjuration/Air              8
   c - Lehudib's Crystal Spear        Conjuration/Earth            8
   d - Glaciate                       Conjuration/Ice              9
   e - Fire Storm                     Conjuration/Fire             9
Comestibles
 m - a fruit


   Skills:
 + Level 3.4 Fighting
 + Level 0.1 Armour
 + Level 3.8 Dodging
 + Level 3.6 Stealth
 + Level 4.8 Unarmed Combat
 * Level 0.1 Spellcasting


You had 2 spell levels left.
You didn't know any spells.

Dungeon Overview and Level Annotations

Branches:
Dungeon (3/15)

Altars:
Cheibriados
Fedhas
Qazlal

Annotations:
D:3 Robin; barakagiga's ghost, amateur FoFi


Innate Abilities, Weirdness & Mutations

You have razor-sharp teeth.
You have supernaturally acute eyesight.
You can survive without breathing.


Message History

Barakagiga's ghost is lightly damaged.
Barakagiga's ghost hits you.
You hit barakagiga's ghost but do no damage.
You punch barakagiga's ghost, but do no damage.
Barakagiga's ghost is lightly damaged.
You hit barakagiga's ghost but do no damage.
Your punch misses barakagiga's ghost.
Barakagiga's ghost is lightly damaged.
Barakagiga's ghost hits you!
You hit barakagiga's ghost.
Barakagiga's ghost is lightly damaged.
Barakagiga's ghost hits you!
* * * LOW HITPOINT WARNING * * *
You hit barakagiga's ghost but do no damage.
Barakagiga's ghost is lightly damaged.
Barakagiga's ghost closely misses you.
You barely miss barakagiga's ghost.
Barakagiga's ghost is lightly damaged.
Barakagiga's ghost hits you.
You die... #### ##..# ####...# g #....#.# gg#

#.####.# ....
##.#....#
#...###..#.####
#$.....##.############
#...##...<)..W@......#
...#.<
####.####.......#
.$.... #..#..........#
...#. #.....##########
...... W....## #..
#[.##.### ... ## #. ..


You could see barakagiga's ghost.

Vanquished Creatures
  An adder (D:2)
  2 oozes
  2 worms (D:2)
  2 dart slugs
  A ball python (D:2)
  2 giant cockroaches (D:2)
  9 goblins
  5 hobgoblins
  2 jackals (D:1)
  A quokka (D:2)
  3 bats
  3 giant newts
  2 kobolds
  3 rats (D:2)
  2 fungi (D:2)
40 creatures vanquished.

Vanquished Creatures (others)
  2 goblins (D:3)
  2 hobgoblins (D:3)
4 creatures vanquished.

Grand Total: 44 creatures vanquished

Notes
Turn   | Place    | Note
--------------------------------------------------------------
     0 | D:1      | Metae the Vampire Monk began the quest for the Orb.
     0 | D:1      | Reached XP level 1. HP: 17/17 MP: 1/1
   272 | D:1      | Reached XP level 2. HP: 20/23 MP: 2/2
  1147 | D:2      | Found a stormy altar of Qazlal.
  1151 | D:2      | Found a blossoming altar of Fedhas.
  1180 | D:2      | Reached XP level 3. HP: 9/29 MP: 3/3
  1460 | D:2      | Found a snail-covered altar of Cheibriados.
  2030 | D:2      | Found a faded altar to an unknown god.
  2442 | D:3      | Noticed Robin
  2510 | D:3      | Noticed barakagiga's ghost (amateur FoFi)
  2525 | D:3      | Slain by barakagiga's ghost

Skill      XL: |  1  2 |
---------------+-------+-----
Fighting       | 3 |  3.4
Armour         | |  0.1
Dodging        | |  3.8
Stealth        | |  3.6
Unarmed Combat | |  4.8
Spellcasting   | |  0.1

Action                   || total
-------------------------++-------
Melee: Unarmed           ||   153
       Bite              ||    23
       Punch             ||     6
 Abil: End Transformatio ||     1
       Bat Form          ||     1
 Stab: Sleeping          ||     5
  Eat: Corpse            ||     7
Armor: Robe              ||    18
       Ring mail         ||     4
Dodge: Dodged            ||    66
